 Dungeon Crawl Stone Soup version 0.29.1-13-g9f3cf754e1 (webtiles) character file.

Game seed: 11018324225656881317

52 Priul the Conjurer (level 3, -1/19 HPs)
             Began as a Deep Elf Conjurer on Feb 3, 2023.
             Slain by a goblin
             ... wielding a +0 club
             ... led by Robin
              (5 damage)
             ... on level 2 of the Dungeon.
             The game lasted 00:06:02 (1195 turns).

Priul the Conjurer (Deep Elf Conjurer)              Turns: 1195, Time: 00:06:02

Health: -1/19      AC:  3    Str:  4    XL:     3   Next: 60%
Magic:  6/10       EV: 12    Int: 24    God:
Gold:   113        SH:  0    Dex: 13    Spells: 6/9 levels left

rFire   . . .      SeeInvis .   c - +0 sling
rCold   . . .      Faith    .   (no shield)
rNeg    . . .      Spirit   .   a - +0 robe
rPois   .          Reflect  .   (no helmet)
rElec   .          Harm     .   (no cloak)
rCorr   .          Rampage  .   (no gloves)
Will    .....                   g - +0 pair of boots
Stlth   ++........              (no amulet)
HPRegen 0.06/turn               (no ring)
MPRegen 0.12/turn               (no ring)

@: no status effects
A: no striking features
a: no special abilities


You were on level 2 of the Dungeon.
You visited 1 branch of the dungeon, and saw 2 of its levels.

You collected 113 gold pieces.

Inventory:

Hand Weapons
 c - a +0 sling (weapon)
Armour
 a - a +0 robe (worn)
 g - a +0 pair of boots (worn)
Scrolls
 d - a scroll of summoning {unknown}
Potions
 e - a potion of brilliance
 f - a potion of mutation {unknown}
 h - a potion of lignification {unknown}


   Skills:
 + Level 2.7 Dodging
 + Level 2.7 Stealth
 + Level 3.5 Spellcasting
 + Level 5.4 Conjurations


You had 6 spell levels left.
You knew the following spells:

 Your Spells              Type           Power      Damage    Failure   Level
a - Magic Dart            Conj           100%       1d8       1%          1
b - Searing Ray           Conj           60%        2d6       1%          2

Your spell library contained the following spells:

 Spells                   Type           Power      Damage    Failure   Level
 Dazzling Flash           Conj/Hex       34%        N/A       10%         3
 Necrotise                Necr           16%        1d4       11%         1
 Confusing Touch          Hex            4%         N/A       30%         3
 Vampiric Draining        Necr           4%         2d6       30%         3
 Fulminant Prism          Conj/Hex       8%         3d7       32%         4
 Iskenderun's Mystic Bla  Conj/Tloc      17%        2d5       32%         4
 Summon Ice Beast         Ice/Summ       4%         N/A       71%         4
 Agony                    Necr           4%         N/A       96%         5
 Summon Mana Viper        Hex/Summ       4%         N/A       96%         5
 Yara's Violent Unravell  Hex/Tmut       2%         3d3       96%         5
 Enfeeble                 Hex            2%         N/A       100%        7
 Monstrous Menagerie      Summ           2%         N/A       100%        7


Dungeon Overview and Level Annotations

Branches:
Dungeon (2/15)

Altars:

Shops:
D:1 [

Annotations:
D:2 Robin


Message History

c - a +0 sling (weapon)
Fire: c) +0 sling
Press: ? - help, Q - select action, (/) - cycle Shift-Dir - straight line, f - goblin
Aim: a goblin, wielding a +0 dagger (43% to hit)
You shoot a sling bullet. The sling bullet hits the goblin.
The goblin is heavily wounded.
The goblin hits you but does no damage.
The goblin throws a stone.
The stone closely misses you. Robin throws the goblin at you!
The hobgoblin closely misses you. The goblin hits you with a +0 club.
The goblin hits you with a +0 dagger. The goblin hits you with a +0 club.
The hobgoblin hits you.
* * * LOW HITPOINT WARNING * * *
The hobgoblin attacks as you move away! The hobgoblin barely misses you.
Robin roars a battlecry!
The goblins go into a battle-frenzy!
The goblin completely misses you.
You hear a shout!
As you read the scroll labelled EBUSAH FUPIA, it crumbles to dust.
It is a scroll of identify.
e - a potion of brilliance The goblin barely misses you.
The goblin misses you. Magic courses through your body.
The goblin hits you with a +0 club.
* * * LOW HITPOINT WARNING * * *
The goblin attacks as you move away! The goblin misses you.
The goblin throws a stone.
The stone hits you but does no damage.
Casting: Magic Dart (safe; 1% risk of failure)
Confirm with . or Enter, or press ? or * to list all spells.
Aiming: Searing Ray (safe; 1% risk of failure)
Press: ? - help, Shift-Dir - straight line, f - goblin, p - goblin
Aim: a goblin, wielding a +0 club and quivering stones (strong, 74% to hit)
The searing ray misses the goblin.
The searing ray hits the hobgoblin.
You kill the hobgoblin!
The searing ray hits the goblin!
You kill the goblin! (Press . to maintain the ray.)
The goblin closely misses you. The goblin barely misses you.
The searing ray misses the goblin.
The searing ray hits the hobgoblin!
You kill the hobgoblin!
The goblin hits you with a +0 club.
You die...

****,,,,..,,#.....#..## #..#...##
*>,,,...,#######...###..#.#.##
*,,,,,..)###* ##.....).......
****,,,,,,,.g).## ##.##..##.....
*,,,,,,**,***#g.#####.....##.....
,,*******,,* *#?))...............
*** *#,***#g.†######......... *
#...####g.####..#.......
**#....@g....#.###......
#####.####.....##..... **,..#
##....###.... * **,.###
#....###.... ********
*,.#########.#........
,,,,,,,*****.#*#...##........#.##
*****,,,,,,..,*#...#..#.##.......
*,,,,,....##........#*.......
*,,,,,,........#.####*.......


You could see 2 goblins.

Vanquished Creatures
  A gnoll (D:1)
  A worm (D:2)
  2 dart slugs (D:1)
  2 bats (D:1)
  2 endoplasms
  3 giant cockroaches
  7 hobgoblins
  2 ball pythons (D:1)
  2 frilled lizards
  8 goblins
  2 kobolds
  2 rats
34 creatures vanquished.

Notes
Turn   | Place    | Note
-------+----------+-------------------------------------------
     0 | D:1      | Priul the Deep Elf Conjurer began the quest for the Orb.
     0 | D:1      | Reached XP level 1. HP: 10/10 MP: 6/6
   281 | D:1      | Reached XP level 2. HP: 15/15 MP: 6/8
   284 | D:1      | Learned a level 2 spell: Searing Ray
   420 | D:1      | Found Dolohib's Armour Shoppe.
   477 | D:1      | Reached skill level 5 in Conjurations
   611 | D:1      | Reached XP level 3. HP: 14/19 MP: 5/9
  1180 | D:2      | Noticed Robin
  1195 | D:2      | Slain by a goblin

Illustrated notes

Levels and vault maps discovered:
D:1:      dpeg_arrival_boxorama, layout_basic, serial_shops,
          nicolae_shop_hallway_plus, grunt_decor_resistance,
          corexii_leaking_fountain, wad_floor_pattern_untrapped
D:2:      layout_rooms, uniq_robin, uniq_natasha

Skill      XL: |  1  2 |
---------------+-------+-----
Conjurations   | 5 |  5.4
Dodging        | |  2.7
Stealth        | |  2.7
Spellcasting   | |  3.5

Action                   || total
-------------------------++-------
Melee: Unarmed           ||     1
 Fire: Sling             ||     1
 Cast: Magic Dart        ||    55
       Searing Ray       ||     3
  Use: Scroll            ||     2
       Potion            ||     1
Armor: Robe              ||     5
Dodge: Dodged            ||    12
